 Dungeon Crawl Stone Soup version 0.26-a0-27-g1f0226971c (webtiles) character file.

Game seed: 5721744504772797342, levelgen mode: deterministic

1333 MisterFreud the Nimble (level 8, 0/54 HPs)
             Began as an Octopode Gladiator on May 27, 2020.
             Slain by a hippogriff (6 damage)
             ... on level 7 of the Dungeon.
             The game lasted 00:07:02 (6347 turns).

MisterFreud the Nimble (Octopode Gladiator)         Turns: 6347, Time: 00:07:03

Health: 0/54       AC:  1    Str: 12 (14) XL:     8   Next: 61%
Magic:  17/17      EV: 17    Int: 10 (12) God:
Gold:   377        SH:  0    Dex: 11 (13) Spells: 7/7 levels left

rFire    . . .     SeeInvis .   a - +0 long sword
rCold    . . .     Gourm    .   (no shield)
rNeg     . . .     Faith    .   b - +0 hat
rPois    .         Spirit   .   (no amulet)
rElec    .         Reflect  .   n - ring of magical power
rCorr    .         Harm     .   (no ring)
MR       .....                  (no ring)
Stlth    ++........             (no ring)
HPRegen  0.18/turn              (no ring)
MPRegen  0.15/turn              (no ring)
                                (no ring)
                                (no ring)

@: no status effects
A: almost no armour, stealthy swim, amphibious, 8 rings, constrict 8, camouflage
1, gelatinous body 1
a: no special abilities


You were on level 7 of the Dungeon.
You were hungry.

You visited 2 branches of the dungeon, and saw 8 of its levels.

You collected 377 gold pieces.

Inventory:

Hand Weapons
 a - a +0 long sword (weapon)
Missiles
 c - 3 throwing nets (quivered)
 o - 10 poisoned darts
Armour
 b - a +0 hat (worn)
Jewellery
 n - a ring of magical power (left tentacle)
Scrolls
 f - 2 scrolls of enchant weapon {unknown}
 h - a scroll of fog {unknown}
 j - 3 scrolls of teleportation {unknown}
 l - a scroll of fear {unknown}
 m - 2 scrolls of magic mapping {unknown}
 q - 3 scrolls of identify {unknown}
 s - 2 scrolls of blinking {unknown}
 v - 2 scrolls of remove curse {unknown}
 w - a scroll of enchant armour {unknown}
Potions
 e - a potion of might {unknown}
 g - 2 potions of degeneration
 i - a potion of flight {unknown}
 k - 2 potions of mutation {unknown}
 p - a potion of stabbing {unknown}
 r - a potion of haste {unknown}
 t - 2 potions of brilliance {unknown}
 u - 2 potions of heal wounds {unknown}
 x - a potion of lignification {unknown}
Comestibles
 d - 11 rations


   Skills:
 - Level 4.0 Fighting
 + Level 6.8 Long Blades
 - Level 2.0 Throwing
 - Level 8.0 Dodging


You had 7 spell levels left.
You didn't know any spells.
Your spell library was empty.

Dungeon Overview and Level Annotations

Branches:
Dungeon (7/15)             Temple (1/1) D:6

Altars:
Ashenzari
Dithmenos
Elyvilon
Fedhas
Gozag
Kikubaaqudgha
Makhleb
Nemelex Xobeh
Okawaru
Qazlal
Ru
Sif Muna
Trog
Uskayaw
Wu Jian
Xom
Yredelemnul
Zin
The Shining One


Innate Abilities, Weirdness & Mutations

You cannot wear most types of armour.
You are very stealthy in the water. (Stealth+)
You are amphibious.
You can wear up to eight rings at the same time.
You can use your tentacles to constrict eight enemies at once.
Your skin changes colour to match your surroundings (Stealth+).
Your rubbery body absorbs attacks. (AC +1, EV +1)


Message History

The hippogriff is heavily wounded.
The hippogriff pecks you. The hippogriff claws you.
* * * LOW HITPOINT WARNING * * *
You hit the hippogriff.
You squeeze the hippogriff, but do no damage.
The hippogriff is heavily wounded.
The hippogriff bites you.
* * * LOW HITPOINT WARNING * * *
The hippogriff pecks you.
* * * LOW HITPOINT WARNING * * *
The hippogriff claws you but does no damage.
Unknown command.
Unknown command.
Unknown command.
You hit the hippogriff. You squeeze the hippogriff.
The hippogriff is severely wounded.
The hippogriff bites you.
* * * LOW HITPOINT WARNING * * *
The hippogriff pecks you.
You die...

..# #.# #.# #.#########
#.##......# #.##......#
..##....[.#
####......############
##...)....#.....@H...#
#...))####.######.....#
#.....# #.# #.#.#
#.....# #.# # #.....#
#.# ##.....####.#
.......'...(#
##.....###### ##.....#


You could see a hippogriff.

Vanquished Creatures
  Maggie (D:6)
  Sigmund (D:3)
  2 ice beasts
  A scorpion (D:6)
  3 crimson imps
  A gnoll shaman (D:7)
  An orc priest (D:6)
  Crazy Yiuf (D:3)
  A hound (D:5)
  A bullfrog skeleton (D:4)
  3 worker ants
  Natasha (thrice) (D:3)
  A hound skeleton (D:6)
  7 gnolls
  A worker ant zombie (D:7)
  12 adders
  A shadow imp (D:5)
  A white imp (D:6)
  An ooze (D:6)
  6 dart slugs
  4 leopard geckos
  2 orcs
  3 ball pythons
  11 bats
  A giant cockroach (D:3)
  6 goblins
  7 hobgoblins
  3 jackals (D:1)
  2 quokkas
  5 frilled lizards
  9 kobolds
  A quokka skeleton (D:4)
  6 rats
109 creatures vanquished.

Notes
Turn   | Place    | Note
-------+----------+-------------------------------------------
     0 | D:1      | MisterFreud the Octopode Gladiator began the quest for the
                  | Orb.
     0 | D:1      | Reached XP level 1. HP: 14/14 MP: 1/1
    56 | D:1      | Reached XP level 2. HP: 15/20 MP: 2/2
   263 | D:1      | Reached XP level 3. HP: 19/26 MP: 3/3
  1063 | D:2      | Noticed a +0 dagger
  1065 | D:2      | Found a hide-covered altar of Uskayaw.
  1065 | D:2      | Noticed a +0 hand axe
  1214 | D:2      | Reached XP level 4. HP: 28/33 MP: 4/4
  1618 | D:3      | You fall into a shaft and drop 2 floors!
  1618 | D:5      | Entered Level 5 of the Dungeon
  1727 | D:4      | Found an iron altar of Okawaru.
  1754 | D:4      | Reached XP level 5. HP: 30/37 MP: 5/5
  1854 | D:4      | Found an ornate altar of the Wu Jian Council.
  1868 | D:3      | Noticed Natasha
  1872 | D:3      | Killed Natasha
  1953 | D:3      | Noticed Sigmund
  1959 | D:3      | Killed Sigmund
  1959 | D:3      | Reached XP level 6. HP: 31/43 MP: 6/6
  2238 | D:3      | Found a sparkling altar of Nemelex Xobeh.
  2404 | D:3      | Found a faded altar of an unknown god.
  2465 | D:3      | Noticed Natasha
  2466 | D:3      | Found a sacrificial altar of Ru.
  2473 | D:3      | Killed Natasha
  2800 | D:3      | Noticed Natasha
  2809 | D:3      | Killed Natasha
  2809 | D:3      | Reached skill level 4 in Dodging
  2912 | D:3      | Found a runed translucent door.
  2913 | D:3      | Noticed Crazy Yiuf
  3230 | D:3      | Killed Crazy Yiuf
  3380 | D:4      | Reached XP level 7. HP: 48/48 MP: 7/7
  3806 | D:5      | Reached skill level 5 in Dodging
  4382 | D:6      | Reached skill level 6 in Dodging
  4514 | D:6      | Found a staircase to the Ecumenical Temple.
  4565 | Temple   | Entered the Ecumenical Temple
  5113 | D:6      | Noticed Maggie
  5123 | D:6      | Killed Maggie
  5123 | D:6      | Reached skill level 7 in Dodging
  5123 | D:6      | Reached XP level 8. HP: 33/54 MP: 8/8
  5356 | D:6      | Found a glowing golden altar of the Shining One.
  5443 | D:6      | Found a shadowy altar of Dithmenos.
  5697 | D:6      | Reached skill level 8 in Dodging
  6336 | D:7      | Noticed a hippogriff
  6347 | D:7      | Slain by a hippogriff

Illustrated notes

Levels and vault maps discovered:
D:1:      minmay_arrival_four_circles, layout_basic, minmay_tromino_v7
D:2:      layout_loops_cross, dancing_weapons_uskayaw, kennysheep_doodads,
          hangedman_decor_growths, chequers_jeans
D:3:      layout_rooms, old_standard_altar, serial_co_window_serial,
          co_window_cross_1, co_window_of_opportunity_a, co_window_paths_a,
          co_window_paths_a, co_window_paths_a, co_window_of_opportunity_a,
          co_window_paths_a, co_window_2corner, co_window_paths_c,
          co_window_unsneaky_path_a, co_window_of_opportunity_b,
          glass_columns_a, glass_columns_a, glass_columns_c,
          chequers_ecumenical_altar_twisty, nemelex_spade_bored_becter,
          uniq_sigmund, uniq_crazy_yiuf_cottage, uniq_natasha
D:4:      layout_rooms, kennysheep_little_box, okawaru_metal_pillars_1_2,
          first_ration
D:5:      layout_rooms
D:6:      layout_basic, minitemple, minmay_temple_entry_proselytizer,
          minmay_fire_ice_demons, uniq_maggie
D:7:      minmay_the_grid_octo_tiled_squarecenter [minmay_the_grid_octo_shrine,
          minmay_the_grid_octo_fan_narrow, minmay_the_grid_octo_empty,
          minmay_the_grid_octo_clover_2,
          minmay_the_grid_square_5x5_megaprize_hollow,
          minmay_the_grid_square_5x5_inner_v,
          minmay_the_grid_square_5x5_inner_i, minmay_the_grid_square_5x5_inset,
          minmay_the_grid_square_5x5_half_checkered], layout_basic,
          cheibriados_altar_1, lemuel_crystal_altar,
          chequers_serial_rivers_small_3, uniq_prince_ribbit1
Temple:   oiseaux_autumnal_temple

Skill      XL: |  1  2  3  4  5  6  7  8 |
---------------+-------------------------+-----
Fighting       | 3 4 |  4.0
Long Blades    | 4 6 |  6.8
Dodging        | 4 7 8 |  8.0
Throwing       | |  2.0

Action                   |  1- 3 |  4- 6 |  7- 9 || total
-------------------------+-------+-------+-------++-------
Melee: Long sword        |    68 |    63 |   100 ||   231
       Constrict         |    25 |    21 |    24 ||    70
       Tentacles         |    18 |    11 |    31 ||    60
  Use: Potion            |       |       |     1 ||     1
 Stab: Sleeping          |     4 |    10 |     4 ||    18
       Distracted        |     1 |       |       ||     1
  Eat: Chunk             |     1 |     7 |     5 ||    13
       Ration            |       |       |     1 ||     1
Armor: Skin              |    11 |     4 |     5 ||    20
Dodge: Dodged            |    62 |    34 |    76 ||   172
       Rpst.: Long sword |    12 |    11 |    23 ||    46

Table legend:
 A = Non-vault XP
 B = Vault XP
 C = Vault XP percentage of total XP
 D = Non-vault monster count
 E = Vault monster count
 F = Vault count percentage of total count
                 A         B        C        D         E       F
            +---------+---------+-------+---------+---------+-------
      Total |    1141 |     764 |  40.1 |      99 |      10 |   9.2
            +---------+---------+-------+---------+---------+-------
        D:1 |      54 |       5 |   8.5 |      33 |       3 |   8.3
        D:2 |      24 |       0 |   0.0 |       7 |       0 |   0.0
        D:3 |     154 |     280 |  64.5 |      21 |       3 |  12.5
        D:4 |     168 |       0 |   0.0 |      10 |       0 |   0.0
        D:5 |     247 |       0 |   0.0 |      11 |       0 |   0.0
        D:6 |     318 |     479 |  60.1 |       9 |       4 |  30.8
        D:7 |     176 |       0 |   0.0 |       8 |       0 |   0.0
            +---------+---------+-------+---------+---------+-------
